 Dungeon Crawl Stone Soup version 0.31.0-32-g396128a36d (webtiles) character file.

Game seed: 2228215955608960649

3006 growler the Grappler (level 9, -7/111 HPs)
             Began as a Grey Draconian Shapeshifter on Mar 11, 2024.
             Mangled by a wyvern (13 damage)
             ... on level 7 of the Dungeon.
             The game lasted 00:15:30 (7376 turns).

growler the Grappler (Grey Draconian Shapeshifter)  Turns: 7376, Time: 00:15:31

Health: -7/111     AC: 24    Str: 16    XL:     9   Next: 54%
Magic:  9/9        EV:  2    Int: 12    God:
Gold:   524        SH:  0    Dex: 14    Spells: 8/8 levels left

rFire   . .          .
                       - Unarmed
rCold   . . .        (no shield)
rNeg    . . .        (body armour unavailable)
rPois   +            (helmet currently unavailable)
rElec   .            (cloak currently unavailable)
rCorr   .            (gloves currently unavailable)
SInv    .            (boots currently unavailable)
Will    .....        (no amulet)
Stlth   +            d - +5 ring of evasion
HPRegen 0.38/turn    (no ring)
MPRegen 0.11/turn

%: no passive effects
@: tree-form
A: stationary, stasis, torment immunity, boosted hp, AC +12, (amphibious),
unfitting armour, (cold-blooded)
a: no special abilities


You were on level 7 of the Dungeon.
You were a tree.
You visited 2 branches of the dungeon, and saw 9 of its levels.
You also visited: Ossuary.

You collected 524 gold pieces.

Inventory:

Armour
 u - a +0 cloak
Jewellery
 d - a +5 ring of evasion (left branch)
 f - an amulet of magic regeneration
 q - a ring of ice
Talismans
 b - a beast talisman
 c - a flux talisman (active)
Wands
 p - a wand of roots (8)
Scrolls
 g - a scroll of enchant weapon {unknown}
 m - 3 scrolls of teleportation
 n - 2 scrolls of vulnerability
 r - a scroll of fear {unknown}
 t - 3 scrolls of blinking {unknown}
 v - 2 scrolls of identify
 x - a scroll of fog {unknown}
 y - 3 scrolls of noise
 z - a scroll of revelation {unknown}
 A - a scroll of amnesia {unknown}
 B - 2 scrolls of acquirement {unknown}
Potions
 a - 2 potions of lignification
 e - a potion of cancellation
 h - 3 potions of berserk rage {unknown}
 i - 2 potions of heal wounds {unknown}
 j - a potion of curing
 k - a potion of ambrosia {unknown}
 l - a potion of attraction
 o - a potion of degeneration
 s - 2 potions of might {unknown}
 w - a potion of haste


   Skills:
 + Level 5.5 Fighting
 - Level 1.7 Dodging
 + Level 10.0 Unarmed Combat
 - Level 7.9 Shapeshifting


You had 8 spell levels left.
You didn't know any spells.
Your spell library contained the following spells:

 Spells                   Type           Power      Damage    Failure   Level
 Frozen Ramparts          Ice            0%         1d1       69%         3
 Leda's Liquefaction      Alch/Erth      0%         N/A       97%         4
 Petrify                  Alch/Erth      0%         N/A       97%         4
 Metabolic Englaciation   Hex/Ice        0%         N/A       100%        5


Dungeon Overview and Level Annotations

Branches:
Dungeon (8/15)             Temple (1/1) D:4         Ossuary (visited)
   Lair: D:8-11

Altars:
Ashenzari
Cheibriados
Dithmenos
Elyvilon
Fedhas
Gozag
Hepliaklqana
Kikubaaqudgha
Nemelex Xobeh
Okawaru
Qazlal
Ru
Sif Muna
Trog
Vehumet
Xom
Yredelemnul
Zin
The Shining One

Annotations:
D:7 Joseph


Innate Abilities, Weirdness & Mutations

You are a tree.
Your roots penetrate the ground, keeping you stationary.
You cannot be teleported.
You are immune to unholy pain and torment.
Your maximum health is greatly increased.
Your equipment is partially melded.
((Your dull iron-grey scales are very hard. (AC +12)))
((You are amphibious.))
You cannot fit into any form of body armour.
((You are cold-blooded and may be slowed by cold attacks.))


Message History

The wyvern closely misses you. The wyvern bites you!
There is a stone staircase leading up, spattered with blood here.
The wyvern closely misses you.
Joseph unwields a +0 sling.
Joseph wields a +0 quarterstaff.
Joseph hits you with a +0 quarterstaff.
You climb upwards.
There is a stone staircase leading down, spattered with blood here.
You hit Joseph.
Joseph begins to glow.
Joseph is lightly wounded.
The wyvern closely misses you.
You punch Joseph!
Joseph glows dangerously bright.
Joseph is moderately wounded.
The wyvern completely misses you. Joseph misses you. The wyvern bites you!
You hit Joseph.
Joseph shudders as magic cascades through him!!
Joseph twists and deforms.
Joseph is heavily wounded.
Joseph hits you with a +0 quarterstaff. The wyvern barely misses you.
You barely miss Joseph. You tail-slap Joseph.
Joseph is severely wounded.
The wyvern bites you! Joseph hits you with a +0 quarterstaff.
You closely miss Joseph.
Your tail-slap misses Joseph.
Joseph is severely wounded.
The wyvern bites you! Joseph hits you with a +0 quarterstaff!
* * * LOW HITPOINT WARNING * * *
The wyvern barely misses you.
Your transformation has ended.
You turn into a tree.
Your roots penetrate the ground.
The wyvern bites you!
* * * LOW HITPOINT WARNING * * *
Joseph hits you but does no damage.
You closely miss Joseph.
Joseph is severely wounded.
The wyvern bites you.
* * * LOW HITPOINT WARNING * * *
Joseph hits you but does no damage.
You closely miss Joseph.
Joseph is severely wounded.
The wyvern bites you!
* * * LOW HITPOINT WARNING * * *
The wyvern bites you!
You die...

##'##.##.....### ####.##.......
#...#.###......# #......[......
#...'...#......#####...##......##
#...#.#........................##
##+##....####........####......##
.................................
...........##..........#........#
........#######k.@.....##.......#
.....>.##### #.♣†.....#.......##
...........## #......(.........#.
.........#..###..................
......#.........................#
..>.#.##...####..........##..##.#
.##....##...###.........####..#.#
.####..####....###.......#....#.#
.# #...#####..........#...##...#
.# ##...####....###.#...###..###


You could see Joseph (misshapen) and a wyvern.

Vanquished Creatures
  A wyvern (D:7)
  Eustachio (D:4)
  Edmund (D:4)
  A water moccasin (D:6)
  An ice beast (D:6)
  An orc warrior (D:6)
  A sky beast (D:7)
  A black bear (D:6)
  2 ogres
  A weeping skull (Ossuary)
  2 elf zombies (Ossuary)
  2 kobold brigands
  A gnoll sergeant (D:7)
  Blork the orc (D:5)
  6 scorpions
  A howler monkey (D:6)
  2 bombardier beetles
  A human zombie (Ossuary)
  3 centaur zombies (Ossuary)
  3 jellies
  6 orc priests
  2 hounds
  Ijyb (D:4)
  4 iguanas
  2 sleepcaps (D:6)
  5 orc wizards
  A bullfrog simulacrum (Ossuary)
  A hound zombie (Ossuary)
  3 mummies (Ossuary)
  Robin (D:4)
  6 adders
  An ufetubus (D:6)
  7 adder zombies (Ossuary)
  3 dart slugs
  A ribbon worm (D:2)
  20 orcs
  6 ball pythons
  4 endoplasms
  3 giant cockroaches
  2 gnoll zombies (Ossuary)
  14 goblins
  9 hobgoblins
  7 quokkas
  4 ball python zombies (Ossuary)
  6 bats
  2 frilled lizards
  5 jackal zombies (Ossuary)
  14 kobolds
  3 kobold zombies (Ossuary)
  An orc zombie (Ossuary)
  6 rats
183 creatures vanquished.

Vanquished Creatures (others)
  An arcanist (D:5)
1 creature vanquished.

Grand Total: 184 creatures vanquished

Notes
Turn   | Place    | Note
-------+----------+-------------------------------------------
     0 | D:1      | growler the Draconian Shapeshifter began the quest for the
                  | Orb.
     0 | D:1      | Reached XP level 1. HP: 16/16 MP: 1/1
   339 | D:1      | Reached XP level 2. HP: 21/23 MP: 2/2
  1007 | D:2      | Reached XP level 3. HP: 25/28 MP: 3/3
  1486 | D:2      | Reached skill level 4 in Unarmed Combat
  1945 | D:3      | Reached XP level 4. HP: 35/35 MP: 4/4
  2075 | D:3      | Found a radiant altar of Vehumet.
  2147 | D:3      | Reached XP level 5. HP: 40/40 MP: 5/5
  2213 | D:3      | Found a blossoming altar of Fedhas.
  2523 | D:4      | Found a white marble altar of Elyvilon.
  2524 | D:4      | Found a glowing silver altar of Zin.
  2646 | D:4      | Noticed Edmund
  2665 | D:4      | Killed Edmund
  2666 | D:4      | Reached skill level 5 in Unarmed Combat
  2666 | D:4      | Reached skill level 5 in Shapeshifting
  2666 | D:4      | Reached XP level 6. HP: 20/47 MP: 6/6
  2767 | D:4      | Found a glowing golden altar of the Shining One.
  2848 | D:4      | Noticed Eustachio
  2876 | D:4      | Killed Eustachio
  3066 | D:4      | Reached skill level 6 in Unarmed Combat
  3066 | D:4      | Your scales start taking on a dull iron-grey colour.
  3066 | D:4      | Reached XP level 7. HP: 49/52 MP: 7/7
  3086 | D:4      | Noticed Ijyb
  3101 | D:4      | Killed Ijyb
  3182 | D:4      | Found a faded altar of an unknown god.
  3197 | D:4      | Found a staircase to the Ecumenical Temple.
  3209 | Temple   | Entered the Ecumenical Temple
  3452 | D:4      | Noticed Robin
  3460 | D:4      | Killed Robin
  3616 | D:5      | Entered Level 5 of the Dungeon
  3918 | D:5      | Found an iron altar of Okawaru.
  3955 | D:5      | Found a stormy altar of Qazlal.
  3956 | D:5      | Found a shimmering blue altar of Sif Muna.
  3996 | D:5      | Reached skill level 7 in Unarmed Combat
  4114 | D:5      | Reached XP level 8. HP: 50/59 MP: 8/8
  4222 | D:5      | Found a bloodstained altar of Trog.
  4237 | D:5      | Found a broken altar of Ashenzari.
  4278 | D:5      | Noticed Blork the orc
  4288 | D:5      | Killed Blork the orc
  4473 | D:5      | Noticed a wizard
  4476 | D:5      | Killed a wizard
  4936 | D:6      | Identified the +6 falchion of Gluttony {flame, Str+3
                  | Stlth+}
  4984 | D:6      | Reached skill level 8 in Unarmed Combat
  5525 | D:6      | HP: 2/57 [burnt (5)]
  6073 | D:6      | Reached skill level 9 in Unarmed Combat
  6073 | D:6      | Reached XP level 9. HP: 60/68 MP: 9/9
  6140 | D:7      | Identified the +1 robe "Vash" {Regen+ rCorr Dex+4}
  6277 | D:7      | Found a sand-covered staircase.
  6282 | Ossuary  | Entered an ossuary
  6763 | D:7      | Found a hazy altar of Hepliaklqana.
  7008 | D:7      | Reached skill level 5 in Fighting
  7292 | D:8      | Noticed Joseph
  7308 | D:7      | Reached skill level 10 in Unarmed Combat
  7376 | D:7      | Mangled by a wyvern

Illustrated notes

Levels and vault maps discovered:
D:1:      lemuel_arrival_room, layout_loops_ring
D:2:      layout_basic
D:3:      layout_basic, general_overflow_altar, mainiacjoe_overflow_paths,
          mrwooster_statue_mirror
D:4:      layout_basic, good_gods_mini_temple, nicolae_temple_entry_ecumenical,
          uniq_robin, uniq_ijyb, uniq_edmund, uniq_eustachio
D:5:      layout_loops_ring, mainiacjoe_overflow_small_starburst,
          gammafunk_temple_overflow_statue, mainiacjoe_overflow_six_doors_small,
          trog_wizard, bh_walls_and_bars, uniq_crazy_yiuf_cottage,
          uniq_blork_the_orc
D:6:      kb_forest_paths, layout_basic
D:7:      layout_rooms, kennysheep_mini_moat, enter_ossuary_2,
          nicolae_fountain_basement
D:8:      layout_gridville, nicolae_uskayaw_dance_hall, kb_rosetta, uniq_pikel,
          uniq_joseph
Temple:   nicolae_temple_two_arcs

Skill      XL: |  1  2  3  4  5  6  7  8  9 |
---------------+----------------------------+-----
Unarmed Combat | 4 5 6 7 9 10 | 10.0
Shapeshifting  | 4 5 6 7 |  7.9
Fighting       | 2 5 |  5.5
Dodging        | |  1.7

Action                     |  1- 3 |  4- 6 |  7- 9 || total
---------------------------+-------+-------+-------++-------
  Melee: Unarmed           |   101 |   120 |   424 ||   645
         Tailslap          |     8 |    19 |    68 ||    95
         Punch             |       |     1 |     6 ||     7
    Use: Scroll            |       |     3 |     5 ||     8
         Potion            |       |       |     3 ||     3
   Stab: Sleeping          |     2 |     1 |       ||     3
 Armour: Skin              |    37 |    37 |   156 ||   230
  Dodge: Dodged            |    48 |    87 |   360 ||   495
   Form: Flux              |       |       |     1 ||     1
